PAAA
ELLENBURG FIGHTING DACHSUNDS @ OCEANSIDE AVIATORS
08/19/2021
 
TOP OF THE 1ST
Ellenburg Fighting Dachsunds batting - Pitching for Oceanside Aviators : LHP Addie Samson
Pitching: LHP Addie Samson
Batting: RHB Travis Lee 0-0: Ball
1-0: Called Strike
1-1: Swinging Strike
1-2: Strikes out looking
Batting: LHB Ismael Cabrera 0-0: Ball
1-0: Ground out 4-3 (Groundball, 4M)
Batting: SHB Carlos Carranza 0-0: Ball
1-0: Called Strike
1-1: Ball
2-1: Ball
3-1: Base on Balls
Batting: RHB Will Thomas 0-0: Ball
Carlos Carranza is caught stealing 2nd base
Top of the 1st over - 0 run(s), 0 hit(s), 0 error(s), 0 left on base; Ellenburg 0 - Oceanside 0
BOTTOM OF THE 1ST
Oceanside Aviators batting - Pitching for Ellenburg Fighting Dachsunds : RHP Ricardo Gómez
Pitching: RHP Ricardo Gómez
Batting: RHB Billy Strauss 0-0: Ball
1-0: Fly out, F8 (Flyball, 8RM)
Batting: LHB Lee Williams 0-0: Foul Ball, location: 2F
0-1: Fly out, F8 (Flyball, 8LXD)
Now in CF: Kenny Norton
Batting: RHB Ulbert Sutkamp 0-0: Ball
1-0: Called Strike
1-1: Ball
2-1: Ground out 6-3 (Groundball, 6M)
Bottom of the 1st over - 0 run(s), 0 hit(s), 0 error(s), 0 left on base; Ellenburg 0 - Oceanside 0
TOP OF THE 2ND
Ellenburg Fighting Dachsunds batting - Pitching for Oceanside Aviators : LHP Addie Samson
Batting: RHB Will Thomas 0-0: Ball
1-0: Foul Ball, location: 2F
1-1: Ball
2-1: Swinging Strike
2-2: Ball
3-2: Foul Ball, location: 2F
3-2: Ground out 5-3 (Groundball, 56)
Batting: LHB Yannick Hendriksen 0-0: Called Strike
0-1: Called Strike
0-2: Ball
1-2: Strikes out swinging
Batting: RHB Kenny Norton 0-0: Ball
1-0: Called Strike
1-1: Foul Ball, location: 2F
1-2: Ball
2-2: Strikes out swinging
Top of the 2nd over - 0 run(s), 0 hit(s), 0 error(s), 0 left on base; Ellenburg 0 - Oceanside 0
BOTTOM OF THE 2ND
Oceanside Aviators batting - Pitching for Ellenburg Fighting Dachsunds : RHP Ricardo Gómez
Batting: RHB Jorge Gonzáles 0-0: Ball
1-0: SOLO HOME RUN (Flyball, 7LD), Distance : 359 ft
Batting: RHB Sang-yeon Kim 0-0: Ball
1-0: Foul Ball, location: 2F
1-1: Ball
2-1: Called Strike
2-2: Ground out 6-3 (Groundball, 6)
Batting: RHB Lorenzo Sabastro 0-0: Swinging Strike
0-1: Foul Ball, location: 2F
0-2: Ball
1-2: Strikes out swinging
Batting: LHB Adrián Rodríguez 0-0: Foul Ball, location: 2F
0-1: Ground out 4-3 (Groundball, 34)
Bottom of the 2nd over - 1 run(s), 1 hit(s), 0 error(s), 0 left on base; Ellenburg 0 - Oceanside 1
TOP OF THE 3RD
Ellenburg Fighting Dachsunds batting - Pitching for Oceanside Aviators : LHP Addie Samson
Batting: RHB Victor Haley 0-0: Ball
1-0: Fly out, F9 (Flyball, 9M)
Batting: LHB Rick Harrison 0-0: Called Strike
0-1: Ball
1-1: SINGLE (Groundball, 34D)
Batting: RHB Kade Knowles 0-0: Ball
1-0: Called Strike
Rick Harrison is caught stealing 2nd base
1-1: SINGLE (Line Drive, 4MD)
Batting: RHB Travis Lee 0-0: Ball
Kade Knowles is caught stealing 2nd base
Top of the 3rd over - 0 run(s), 2 hit(s), 0 error(s), 0 left on base; Ellenburg 0 - Oceanside 1
BOTTOM OF THE 3RD
Oceanside Aviators batting - Pitching for Ellenburg Fighting Dachsunds : RHP Ricardo Gómez
Batting: RHB Randy García 0-0: Called Strike
0-1: Called Strike
0-2: Ball
1-2: Ball
2-2: Ball
3-2: Base on Balls
Batting: RHB Dan Finch 0-0: Foul Ball, location: 2F
0-1: Foul Ball, location: 2F
0-2: Foul Ball, location: 2F
0-2: Strikes out looking
Batting: RHB Billy Strauss 0-0: Ball
1-0: Ball
2-0: Called Strike
2-1: Foul Ball, location: 2F
2-2: Fly out, F9 (Flyball, 9M)
Batting: LHB Lee Williams 0-0: Called Strike
0-1: Ball
1-1: Fly out, F7 (Flyball, 7M)
Bottom of the 3rd over - 0 run(s), 0 hit(s), 0 error(s), 1 left on base; Ellenburg 0 - Oceanside 1
TOP OF THE 4TH
Ellenburg Fighting Dachsunds batting - Pitching for Oceanside Aviators : LHP Addie Samson
Batting: RHB Travis Lee 0-0: Ball
1-0: Foul Ball, location: 2F
1-1: Foul Ball, location: 2F
1-2: Ball
2-2: Ball
3-2: Base on Balls
Batting: LHB Ismael Cabrera 0-0: Called Strike
0-1: SINGLE (Groundball, 34)
Travis Lee to second
Runner from 2nd tries for 3rd, SAFE, throw made to third
Ismael Cabrera to second
Batting: SHB Carlos Carranza 0-0: Ball
1-0: Ball
2-0: Swinging Strike
2-1: Foul Ball, location: 2F
2-2: Foul Ball, location: 2F
2-2: Strikes out swinging
Batting: RHB Will Thomas 0-0: Ball
1-0: Ball
2-0: Called Strike
2-1: Foul Ball, location: 2F
2-2: Ball
3-2: Foul Ball, location: 2F
3-2: Strikes out swinging
Batting: LHB Yannick Hendriksen 0-0: Ball
1-0: Called Strike
1-1: Ball
2-1: Swinging Strike
2-2: Strikes out swinging
Top of the 4th over - 0 run(s), 1 hit(s), 0 error(s), 2 left on base; Ellenburg 0 - Oceanside 1
BOTTOM OF THE 4TH
Oceanside Aviators batting - Pitching for Ellenburg Fighting Dachsunds : RHP Ricardo Gómez
Batting: RHB Ulbert Sutkamp 0-0: Fly out, F9 (Flyball, 89M)
Batting: RHB Jorge Gonzáles 0-0: Ground out 6-3 (Groundball, 6)
Batting: RHB Sang-yeon Kim 0-0: Fly out, F9 (Flyball, 89D)
Bottom of the 4th over - 0 run(s), 0 hit(s), 0 error(s), 0 left on base; Ellenburg 0 - Oceanside 1
TOP OF THE 5TH
Ellenburg Fighting Dachsunds batting - Pitching for Oceanside Aviators : LHP Addie Samson
Batting: RHB Kenny Norton 0-0: Ball
1-0: Ball
2-0: Ground out 3-1 (Groundball, 3)
Batting: RHB Victor Haley 0-0: Ground out 6-3 (Groundball, 6M)
Batting: LHB Rick Harrison 0-0: Ball
1-0: Swinging Strike
1-1: Ball
2-1: Ball
3-1: Fly out, F3 (Popup, 3F)
Top of the 5th over - 0 run(s), 0 hit(s), 0 error(s), 0 left on base; Ellenburg 0 - Oceanside 1
BOTTOM OF THE 5TH
Oceanside Aviators batting - Pitching for Ellenburg Fighting Dachsunds : RHP Ricardo Gómez
Batting: RHB Lorenzo Sabastro 0-0: Called Strike
0-1: Ball
1-1: Swinging Strike
1-2: Strikes out swinging
Batting: LHB Adrián Rodríguez 0-0: Ball
1-0: Ground out 1-3 (Groundball, 23)
Batting: RHB Randy García 0-0: Ball
1-0: Ball
2-0: Ball
3-0: Swinging Strike
3-1: Fly out, F8 (Flyball, 8LXD)
Bottom of the 5th over - 0 run(s), 0 hit(s), 0 error(s), 0 left on base; Ellenburg 0 - Oceanside 1
TOP OF THE 6TH
Ellenburg Fighting Dachsunds batting - Pitching for Oceanside Aviators : LHP Addie Samson
Batting: RHB Kade Knowles 0-0: Ground out 1-3 (Groundball, 23)
Batting: RHB Travis Lee 0-0: Ball
1-0: Ball
2-0: Ball
3-0: Called Strike
3-1: Base on Balls
Batting: LHB Ismael Cabrera 0-0: Ball
1-0: Foul Ball, location: 2F
1-1: Foul Ball, location: 2F
1-2: Ball
2-2: Strikes out swinging
Travis Lee is caught stealing 2nd base
Batter strikes out.
Top of the 6th over - 0 run(s), 0 hit(s), 0 error(s), 0 left on base; Ellenburg 0 - Oceanside 1
BOTTOM OF THE 6TH
Oceanside Aviators batting - Pitching for Ellenburg Fighting Dachsunds : RHP Ricardo Gómez
Batting: RHB Dan Finch 0-0: Ball
1-0: Ball
2-0: Ball
3-0: Called Strike
3-1: SINGLE (Flyball, 8RS)
Batting: RHB Billy Strauss 0-0: Bunted foul
0-1: Sac Bunt - play at first, batter OUT! 3-4
Dan Finch to second
Batting: LHB Lee Williams 0-0: Swinging Strike
0-1: Ground out 4-3 (Groundball, 4)
Dan Finch to third
Batting: RHB Ulbert Sutkamp 0-0: Called Strike
0-1: Ball
1-1: Foul Ball, location: 2F
1-2: Fly out, F9 (Flyball, 9LM)
Bottom of the 6th over - 0 run(s), 1 hit(s), 0 error(s), 1 left on base; Ellenburg 0 - Oceanside 1
TOP OF THE 7TH
Ellenburg Fighting Dachsunds batting - Pitching for Oceanside Aviators : LHP Addie Samson
Batting: SHB Carlos Carranza 0-0: Called Strike
0-1: Swinging Strike
0-2: SINGLE (Line Drive, 6M)
Batting: RHB Will Thomas 0-0: Ball
1-0: Foul Ball, location: 2F
1-1: Ball
2-1: Foul Ball, location: 2F
2-2: SINGLE (Groundball, 6MD)
Carlos Carranza to second
Batting: LHB Yannick Hendriksen 0-0: Swinging Strike
0-1: Ball
1-1: SINGLE (Groundball, 4MD)
Carlos Carranza to third
Will Thomas to second
Pinch Hitting: RHB Brad Brown 0-0: Grounds into fielders choice 5-2 (Groundball, 15)
Will Thomas to third
Yannick Hendriksen to second
Batting: RHB Victor Haley 0-0: Called Strike
0-1: Ball
1-1: Ball
2-1: Grounds into double play, 6-4-3 (Groundball, 6)
Top of the 7th over - 0 run(s), 3 hit(s), 0 error(s), 2 left on base; Ellenburg 0 - Oceanside 1
BOTTOM OF THE 7TH
Oceanside Aviators batting - Pitching for Ellenburg Fighting Dachsunds : RHP Ricardo Gómez
Now in CF: Brad Brown
Batting: RHB Jorge Gonzáles 0-0: Ball
1-0: Foul Ball, location: 2F
1-1: Called Strike
1-2: Ball
2-2: Foul Ball, location: 2F
2-2: Fly out, F6 (Line Drive, 56D)
Batting: RHB Sang-yeon Kim 0-0: Ball
1-0: Ball
2-0: Ball
3-0: Base on Balls
Pinch Hitting: RHB Júlio Morín 0-0: Foul Ball, location: 2F
0-1: Ball
1-1: SINGLE (Line Drive, 7S)
Sang-yeon Kim to second
Batting: LHB Adrián Rodríguez 0-0: Ball
1-0: Ball
2-0: Ball
3-0: Called Strike
3-1: Called Strike
3-2: Foul Ball, location: 2F
3-2: Fielders Choice at 2nd, 2-4 (Groundball, 2L)
Sang-yeon Kim to third
Batting: RHB Randy García 0-0: Ball
1-0: Ball
2-0: Ball
3-0: Called Strike
3-1: Base on Balls
Adrián Rodríguez to second
Batting: RHB Dan Finch 0-0: Foul Ball, location: 2F
0-1: Foul Ball, location: 2F
0-2: Fielders Choice at 2nd, U6 (Groundball, 6M)
Bottom of the 7th over - 0 run(s), 1 hit(s), 0 error(s), 3 left on base; Ellenburg 0 - Oceanside 1
TOP OF THE 8TH
Ellenburg Fighting Dachsunds batting - Pitching for Oceanside Aviators : LHP Addie Samson
Now at 3B: Jim Unknown
Batting: LHB Rick Harrison 0-0: Called Strike
0-1: Ball
1-1: Foul Ball, location: 2F
1-2: Foul Ball, location: 2F
1-2: Ball
2-2: Ground out 4-3 (Groundball, 34)
Batting: RHB Kade Knowles 0-0: Ground out 1-3 (Groundball, 23)
Batting: RHB Travis Lee 0-0: Ball
1-0: Ball
2-0: SINGLE (Groundball, 34D)
Pinch Hitting: RHB Gerald Ambler 0-0: Called Strike
0-1: Foul Ball, location: 2F
0-2: Ball
1-2: Strikes out looking
Top of the 8th over - 0 run(s), 1 hit(s), 0 error(s), 1 left on base; Ellenburg 0 - Oceanside 1
BOTTOM OF THE 8TH
Oceanside Aviators batting - Pitching for Ellenburg Fighting Dachsunds : RHP Ricardo Gómez
Now at 2B: Bernardo Márquez
Batting: RHB Billy Strauss Reached via error on a dropped throw, E1
Pinch Hitting: LHB Guy Riley 0-0: Sac Bunt - play at first, batter OUT! 1-3
Billy Strauss to second
Batting: RHB Ulbert Sutkamp 0-0: Ball
Wild Pitch!
Billy Strauss to third
1-0: Ground out 5-3 (Groundball, 5)
Batting: RHB Jorge Gonzáles 0-0: Called Strike
0-1: Ball
1-1: Ball
2-1: SINGLE (Groundball, 4MD)
Billy Strauss scores
Batting: RHB Sang-yeon Kim 0-0: SINGLE (Groundball, 4MD)
Jorge Gonzáles to second
Pinch Hitting: RHB Pancho Montoya 0-0: Ball
1-0: Called Strike
1-1: Ground out 5-3 (Groundball, 5S)
Bottom of the 8th over - 1 run(s), 2 hit(s), 1 error(s), 2 left on base; Ellenburg 0 - Oceanside 2
TOP OF THE 9TH
Ellenburg Fighting Dachsunds batting - Pitching for Oceanside Aviators : LHP Addie Samson
Pitching: LHP Jaime Carrión
Now at 3B: Ludovico Bluemel
Now in RF: Guy Riley
Batting: SHB Carlos Carranza 0-0: Ball
1-0: Called Strike
1-1: Called Strike
1-2: Strikes out swinging
Batting: RHB Will Thomas 0-0: Ball
1-0: Fly out, F3 (Popup, 3DF)
Batting: LHB Yannick Hendriksen 0-0: Foul Ball, location: 2F
0-1: Ball
1-1: Swinging Strike
1-2: Ball
2-2: Foul Ball, location: 2F
2-2: Foul Ball, location: 2F
2-2: Ground out 2-3 (Groundball, 2L)
Top of the 9th over - 0 run(s), 0 hit(s), 0 error(s), 0 left on base; Ellenburg 0 - Oceanside 2
This league is powered by Out of the Park Baseball, the baseball management simulation game for PC, Mac and Linux
Friday, January 22nd, 2016 - OOTP Baseball 16.9 Build 39